 Dungeon Crawl Stone Soup version 0.29.1-12-g30fa7ad0bf (webtiles) character file.

Game seed: 4012530783245239919

52 kingofthe the Stinger (level 3, -8/19 HPs)
             Began as a Deep Elf Venom Mage on Jan 15, 2023.
             Mangled by an iguana (14 damage)
             ... on level 3 of the Dungeon.
             The game lasted 00:08:46 (2498 turns).

kingofthe the Stinger (Deep Elf Venom Mage)         Turns: 2498, Time: 00:08:47

Health: -8/19      AC:  2    Str:  5    XL:     3   Next: 60%
Magic:  1/9        EV: 13    Int: 19    God:
Gold:   289        SH:  0    Dex: 17    Spells: 4/8 levels left

rFire   + . .      SeeInvis .   j - +0 spear
rCold   x . .      Faith    .   h - orb {light}
rNeg    . . .      Spirit   .   a - +0 robe
rPois   .          Reflect  .   (no helmet)
rElec   .          Harm     .   (no cloak)
rCorr   .          Rampage  .   (no gloves)
Will    .....                   (no boots)
Stlth   +.........              (no amulet)
HPRegen 0.06/turn               i - ring of fire
MPRegen 0.11/turn               (no ring)

@: very slightly contaminated, glowing
A: no striking features
a: no special abilities


You were on level 3 of the Dungeon.
You visited 1 branch of the dungeon, and saw 3 of its levels.

You collected 289 gold pieces.

Inventory:

Hand Weapons
 g - a +0 dagger
 j - a +0 spear (weapon)
Armour
 a - a +0 robe (worn)
 h - an orb of light (worn)
Jewellery
 i - a ring of fire (left hand)
Scrolls
 d - a scroll of amnesia {unknown}
 e - a scroll of teleportation {unknown}
 f - a scroll of fear {unknown}
 k - a scroll of immolation {unknown}
 m - a scroll of blinking {unknown}
Potions
 b - a potion of magic
 c - 3 potions of flight {unknown}
 l - 2 potions of attraction {unknown}


   Skills:
 * Level 3.4 Dodging
 * Level 3.4 Stealth
 + Level 3.4 Spellcasting
 - Level 1.5 Transmutations
 + Level 0.0 Air Magic
 + Level 3.5 Poison Magic


You had 4 spell levels left.
You knew the following spells:

 Your Spells              Type           Power      Damage    Failure   Level
a - Sting                 Tmut/Pois      52%        1d5       4%          1
b - Poisonous Vapours     Pois/Air       20%        N/A       11%         2
s - Slow                  Hex            12%        N/A       14%         1

Your spell library contained the following spells:

 Spells                   Type           Power      Damage    Failure   Level
 Apportation              Tloc           6%         N/A       14%         1
 Necrotise                Necr           12%        1d4       14%         1
 Summon Small Mammal      Summ           12%        N/A       14%         1
 Mephitic Cloud           Conj/Pois/Air  7%         N/A       26%         3
 Olgreb's Toxic Radiance  Pois           16%        N/A       32%         4
 Confusing Touch          Hex            3%         N/A       41%         3
 Vampiric Draining        Necr           3%         2d6       41%         3


Dungeon Overview and Level Annotations

Branches:
Dungeon (3/15)

Altars:

Shops:
D:3 :


Message History

Confirm with . or Enter, or press ? or * to list all spells.
Aiming: Poisonous Vapours (safe; 11% risk of failure)
Press: ? - help, Dir - move target, f/p - iguana
Aim: an iguana Poisonous vapours surround the iguana!
The iguana is poisoned.
Unknown command.
Casting: Poisonous Vapours (safe; 11% risk of failure)
Confirm with . or Enter, or press ? or * to list all spells.
Aiming: Sting (safe; 4% risk of failure)
Press: ? - help, Shift-Dir - straight line, f/p - iguana
Aim: an iguana (lightly wounded, poisoned, haloed, 83% to hit)
The sting hits the iguana.
The iguana looks even sicker.
The iguana is lightly wounded.
Casting: Sting (safe; 4% risk of failure)
Confirm with . or Enter, or press ? or * to list all spells.
Aiming: Sting (safe; 4% risk of failure)
Press: ? - help, Shift-Dir - straight line, f/p - iguana
Aim: an iguana (moderately wounded, very poisoned, haloed, 83% to hit)
The sting hits the iguana.
The iguana looks even sicker.
The iguana is moderately wounded.
Casting: Sting (safe; 4% risk of failure)
Confirm with . or Enter, or press ? or * to list all spells.
Aiming: Sting (safe; 4% risk of failure)
Press: ? - help, Shift-Dir - straight line, f/p - iguana
Aim: an iguana (moderately wounded, very poisoned, haloed, 83% to hit)
The sting hits the iguana but does no damage.
The iguana looks as sick as possible!
The iguana is moderately wounded.
The iguana bites you!
Ouch! That really hurt!
* * * LOW HITPOINT WARNING * * *
Casting: Sting (safe; 4% risk of failure)
Confirm with . or Enter, or press ? or * to list all spells.
You don't have enough magic to cast this spell.
Casting: Sting (safe; 4% risk of failure)
Confirm with . or Enter, or press ? or * to list all spells.
You don't have enough magic to cast this spell.
The iguana attacks as you move away! The iguana bites you!
Ouch! That really hurt!
You die...

##........###.#.......
..............#......#
##...........##.>....#
#..............#....
#................##.#
.....................#
.#.........†....##
#...........∩..+
#.......@......#
........l......####
#.................#
.................#
.....#...........#
#########.:......#
##....)..# #.......#
#........


You could see an iguana (very poisoned).

Vanquished Creatures
  2 adders
  A worm (D:3)
  3 endoplasms
  4 goblins
  4 hobgoblins
  2 quokkas
  3 ball pythons
  3 bats (D:2)
  4 kobolds
  4 rats
30 creatures vanquished.

Notes
Turn   | Place    | Note
-------+----------+-------------------------------------------
     0 | D:1      | kingofthe the Deep Elf Venom Mage began the quest for the
                  | Orb.
     0 | D:1      | Reached XP level 1. HP: 10/10 MP: 6/6
   180 | D:1      | Learned a level 1 spell: Slow
   523 | D:1      | Reached XP level 2. HP: 15/15 MP: 6/8
   526 | D:1      | Learned a level 2 spell: Poisonous Vapours
  1604 | D:2      | Reached XP level 3. HP: 15/19 MP: 1/9
  1844 | D:2      | Found a faded altar of an unknown god.
  2400 | D:3      | Found Rynann's Book Boutique.
  2498 | D:3      | Mangled by an iguana

Illustrated notes

Levels and vault maps discovered:
D:1:      erik_arrival_cave_to_civilisation [erik_arrival_cave_to_hall],
          layout_basic, dreamdust_princess_bridge
D:2:      layout_basic, shapermc_ecumenical_altar_starsandcircs,
          minmay_misc_feat_x
D:3:      minmay_chambers_of_twos, layout_rooms, serial_shops, shop_coins,
          serial_bayou_ford_a, minmay_misc_feat_roman, serial_bayou_pond_e,
          minmay_statues_item, item_on_display_a

Skill      XL: |  1  2 |
---------------+-------+-----
Dodging        | 3 |  3.4
Stealth        | 3 |  3.4
Spellcasting   | |  3.4
Transmutations | |  1.5
Poison Magic   | |  3.5

Action                   || total
-------------------------++-------
Melee: Spear             ||     5
       Dagger            ||     2
 Cast: Sting             ||    57
       Poisonous Vapours ||    15
Armor: Robe              ||     5
Dodge: Dodged            ||    17
